 Dungeon Crawl Stone Soup version 0.22-a0-322-g60b3cfd (webtiles) character file.

6356 Firecrotchwizard the Slicer (level 10, -11/55 HPs)
             Began as a Vine Stalker Fighter on Apr 5, 2018.
             Was an Elder of Makhleb.
             Mangled by a two-headed ogre
             ... wielding a +0 dire flail
              (14 damage)
             ... on level 9 of the Dungeon.
             The game lasted 00:15:32 (7800 turns).

Firecrotchwizard the Slicer (Vine Stalker Fighter)  Turns: 7800, Time: 00:15:32

Health: -11/55     AC: 15    Str: 21    XL:     10   Next: 96%
Magic:  0/11       EV:  6    Int:  8    God:    Makhleb [****..]
Gold:   427        SH: 11    Dex: 15    Spells: 9/9 levels left

rFire    . . .     SeeInvis .   I - +0 whip (elec)
rCold    . . .     Gourm    .   c - +0 shield
rNeg     . . .     Faith    .   z - +0 chain mail
rPois    .         Spirit   +   (no helmet)
rElec    .         Reflect  .   m - scarf {cloud immunity}
rCorr    .         Harm     .   h - +2 pair of gloves
MR       +....                  K - +1 pair of boots
Stlth    ..........             (no amulet)
HPRegen  0.58/turn              g - ring of wizardry {Wiz+, !d}
MPRegen  0.12/turn              (no ring)

@: no status effects
A: fangs 3, regeneration 1, magic shield, antimagic bite, no potion heal 3, rot
immunity
a: Minor Destruction, Lesser Servant of Makhleb, Major Destruction, Renounce
Religion


You were on level 9 of the Dungeon.
You worshipped Makhleb.
Makhleb was greatly pleased with you.
You were not hungry.

You visited 2 branches of the dungeon, and saw 10 of its levels.
You also visited: Ossuary.

You collected 427 gold pieces.

Inventory:

Hand Weapons
 a - a +0 flail
 j - a +3 dagger of speed
   (You took it off a kobold on level 1 of the Dungeon)
 s - a +2 dagger of venom
   (You took it off Ijyb on level 3 of the Dungeon)
 I - a +0 whip of electrocution (weapon)
   (You took it off an orc priest on level 8 of the Dungeon)
Missiles
 w - 2 throwing nets {=f, !d}
Armour
 c - a +0 shield (worn)
 h - a +2 pair of gloves (worn)
   (You found it on level 1 of the Dungeon)
 m - a scarf of cloud immunity (worn)
   (You found it on level 2 of the Dungeon)
 z - a +0 chain mail (worn)
   (You found it in an ossuary)
 F - a +0 plate armour
   (You found it on level 4 of the Dungeon)
 K - a +1 pair of boots (worn)
   (You found it on level 5 of the Dungeon)
Jewellery
 g - a ring of wizardry (left hand) {Wiz+, !d}
   (You found it on level 2 of the Dungeon)
Wands
 b - a wand of enslavement (21)
   (You found it on level 6 of the Dungeon)
 q - a wand of digging (14)
   (You found it on level 4 of the Dungeon)
 u - a wand of iceblast (9)
   (You took it off Ijyb on level 3 of the Dungeon)
 L - a wand of random effects (33)
   (You found it on level 8 of the Dungeon)
Scrolls
 e - 4 scrolls of fear {unknown}
 i - a scroll of immolation {!r}
 l - 7 scrolls of remove curse
 n - 10 scrolls of identify
 p - 5 scrolls of teleportation
 x - a scroll of amnesia
 y - a scroll of fog
 G - 2 scrolls of magic mapping {!r}
Potions
 d - 2 potions of might
 k - 6 potions of curing {unknown}
 o - 3 potions of berserk rage {unknown}
 r - 4 potions of heal wounds {unknown}
 t - a potion of brilliance {unknown}
 v - 3 potions of degeneration {unknown}
 A - 2 potions of flight {unknown}
 B - 2 potions of mutation {unknown}
 D - 4 potions of agility
 E - a potion of haste {unknown}
 H - a potion of invisibility {unknown}
 J - 2 potions of lignification {unknown}
Comestibles
 f - 14 rations {@e1}
 C - 8 chunks of flesh {@w0}


   Skills:
 + Level 7.4 Fighting
 - Level 8.7 Short Blades
 * Level 4.6 Maces & Flails
 + Level 5.8 Armour
 + Level 7.3 Shields


You had 9 spell levels left.
You didn't know any spells.

Dungeon Overview and Level Annotations

Branches:
Dungeon (9/15)             Temple (1/1) D:4
   Lair: D:8-11         Orc: D:9-12

Altars:
Ashenzari
Dithmenos
Gozag
Hepliaklqana
Makhleb
Nemelex Xobeh
Ru
Sif Muna
Uskayaw
Wu Jian
Xom
Yredelemnul
Zin
The Shining One

Shops:
D:4 [   D:5 *


Innate Abilities, Weirdness & Mutations

You have razor-sharp teeth.
Your natural rate of healing is unusually fast.
When hurt, damage is shared between your health and your magic reserves.
Your bite disrupts and absorbs the magic of your enemies.
Potions cannot restore your health.
You are immune to rotting.


Message History

You feel better.
Reactivating autopickup.
You feel a bit more experienced.
You regained 7 hp, and now have 46/55 hp.
You enter the shallow water.
Moving in this stuff is going to be slow.
Items here: ) [ ††† a war axe; a plate armour; a sky beast corpse; a black bear corpse an orc corpse You enter the shallow water.
Moving in this stuff is going to be slow.
Items here: ) [ ††† a war axe; a plate armour; a sky beast corpse; a black bear corpse an orc corpse You butcher the black bear corpse.
You hear a splash.
C - 6 chunks of flesh {@w0} (gained 2)
Items here: ) [ ÷ †† a war axe; a plate armour; a sky beast corpse; a black bear skeleton an orc corpse You butcher the orc corpse.
C - 9 chunks of flesh {@w0} (gained 3)
Items here: ) [ ÷ † a war axe; a plate armour; a sky beast corpse; a black bear skeleton The sky beast corpse isn't edible.
Autoeating chunks.
Eating one of 9 chunks of flesh {@w0}.
You eat one of the 9 chunks of flesh {@w0}.
An orc wizard and a skeleton come into view.
The orc wizard shouts!
You hear two shouts!
You hear a shout!
You hear an angry hiss.
You hear a loud, deep croak!
Health restored: 55
There are monsters nearby!
An orc and a two-headed ogre come into view.
The two-headed ogre shouts in stereo!
The orc shouts!
You hear an angry growl.
An orc wizard comes into view. It is wielding a dagger of venom.
The hound skeleton bites you but does no damage.
You whack the hound skeleton!
The hound skeleton bites you but does no damage.
The orc wizard mumbles some strange words.
The orc wizard flickers and vanishes!
Deactivating autopickup; reactivate with Ctrl-A.
The hound skeleton bites you but does no damage.
The hound skeleton bites you but does no damage.
You enter the shallow water.
Moving in this stuff is going to be slow.
The orc wizard miscasts a cantrip.
The hound skeleton bites you but does no damage.
Items here: ) [ ÷ † a war axe; a plate armour; a sky beast corpse; a black bear skeleton You hit the hound skeleton.
Lightning courses through the hound skeleton!
You destroy the hound skeleton!
Makhleb accepts your kill.
You hit the orc wizard.
Lightning courses through the orc wizard!
You bite the orc wizard, but do no damage.
The orc wizard hits you but does no damage.
You closely miss the orc wizard.
You kill the orc wizard!
Makhleb accepts your kill.
You hit the two-headed ogre.
You bite the two-headed ogre, but do no damage.
You hit the two-headed ogre but do no damage.
You bite the two-headed ogre. You drain its power.
You block the two-headed ogre's attack. x2
You hit the two-headed ogre but do no damage.
Lightning courses through the two-headed ogre!
You bite the two-headed ogre, but do no damage.
You block the two-headed ogre's attack.
The two-headed ogre hits you with a giant club!
You take 10 damage, and have 45/55 hp.
You now have 9/11 mp.
You hit the two-headed ogre but do no damage.
You block the two-headed ogre's attack.
The two-headed ogre hits you with a giant club!!
You take 15 damage, and have 30/55 hp.
MASSIVE DAMAGE!!
You now have 7/11 mp.
You hit the two-headed ogre.
Lightning courses through the two-headed ogre!
You bite the two-headed ogre, but do no damage.
You hit the two-headed ogre but do no damage.
Your bite misses the two-headed ogre.
The two-headed ogre hits you with a dire flail.
The two-headed ogre hits you with a giant club!
You take 8 damage, and have 23/55 hp.
You now have 5/11 mp.
You hit the two-headed ogre but do no damage.
Lightning courses through the two-headed ogre!
Your bite misses the two-headed ogre. You block the two-headed ogre's attack.
The two-headed ogre hits you with a giant club!!
* * * LOW HITPOINT WARNING * * *
You take 19 damage, and have 4/55 hp.
MASSIVE DAMAGE!!
You now have 0/11 mp.
You hit the two-headed ogre but do no damage.
You bite the two-headed ogre. You drain its power.
You feel invigorated.
The two-headed ogre hits you with a dire flail!
* * * LOW HITPOINT WARNING * * *
The two-headed ogre hits you with a giant club!
You die...

....##..######..##
#......## ##..#
##....## ##o#
#....# #.# #....#
#.# #....# #.#
..........# #.#
.$........... #O#
............. #@#
.........O### #.#
........o... #.#
...........{. #.#
......%...... #.#
#.# #.# ..#


You could see a two-headed ogre and an orc.

Vanquished Creatures
  A two-headed ogre (D:7)
  3 hippogriffs
  Sigmund (D:3)
  A wyvern (D:9)
  The ghost of pooptown the Insei, an amateur OpTm (D:3)
  5 orc warriors
  5 black bears
  An ice beast (D:8)
  3 phantoms
  4 sky beasts
  A necrophage (D:9)
  6 ogres
  2 centaurs
  4 big kobolds
  5 bullfrogs
  2 elf zombies (Ossuary)
  A scorpion (D:6)
  3 wights (D:6)
  2 electric eels (D:7)
  5 howler monkeys
  4 crimson imps
  A centaur zombie (D:5)
  3 hounds
  A quasit (D:6)
  A human zombie (Ossuary)
  5 orc priests
  2 jellies
  Ijyb (D:3)
  Terence (D:3)
  5 worker ants
  An iguana (D:7)
  3 orc wizards
  2 big kobold zombies (Ossuary)
  A hound zombie (D:5)
  2 hound skeletons
  5 mummies
  2 worker ant zombies
  7 adders
  3 gnolls (D:6)
  A howler monkey skeleton (D:7)
  4 shadow imps
  An ooze (D:3)
  An adder zombie (Ossuary)
  3 worms
  4 leopard geckos
  26 orcs
  6 giant cockroaches
  5 goblins
  8 hobgoblins
  12 jackals
  26 kobolds
  4 quokkas
  3 ball pythons (D:1)
  10 bats
  5 frilled lizards
  A goblin zombie (Ossuary)
  A hobgoblin zombie (Ossuary)
  A jackal zombie (D:5)
  2 kobold zombies (Ossuary)
  A leopard gecko skeleton (D:5)
  An orc zombie (Ossuary)
  8 rats
  A rat zombie (Ossuary)
241 creatures vanquished.

Notes
Turn   | Place    | Note
-------+----------+-------------------------------------------
     0 | D:1      | Firecrotchwizard the Vine Stalker Fighter began the quest for the Orb.
     0 | D:1      | Reached XP level 1. HP: 11/11 MP: 2/2
    55 | D:1      | Reached skill level 2 in Maces & Flails
   135 | D:1      | Reached XP level 2. HP: 16/16 MP: 3/3
   669 | D:2      | Reached XP level 3. HP: 17/19 MP: 4/4
   680 | D:2      | Reached skill level 3 in Fighting
   680 | D:2      | Reached skill level 3 in Shields
   687 | D:2      | Reached skill level 1 in Short Blades
   917 | D:2      | Found a basalt altar of Yredelemnul.
   917 | D:2      | Found a shadowy altar of Dithmenos.
  1612 | D:2      | Found a hazy altar of Hepliaklqana.
  1672 | D:3      | Noticed Ijyb
  1686 | D:3      | Noticed pooptown's ghost (amateur OpTm)
  1700 | D:3      | Gained mutation: Your natural rate of healing is unusually fast. [Vine Stalker growth]
  1700 | D:3      | Reached XP level 4. HP: 23/24 MP: 5/5
  1713 | D:3      | Killed Ijyb
  1713 | D:3      | Reached skill level 2 in Short Blades
  1722 | D:3      | HP: 6/24 [poisoned by Ijyb]
  1727 | D:2      | HP: 6/24 [poisoned by Ijyb]
  1732 | D:2      | HP: 6/24 [poisoned by Ijyb]
  1800 | D:3      | Killed pooptown's ghost
  1800 | D:3      | Reached skill level 3 in Short Blades
  1800 | D:3      | Reached XP level 5. HP: 15/28 MP: 4/6
  2033 | D:3      | Noticed Sigmund
  2060 | D:3      | Killed Sigmund
  2060 | D:3      | Reached skill level 4 in Fighting
  2060 | D:3      | Reached skill level 4 in Shields
  2060 | D:3      | Reached XP level 6. HP: 26/33 MP: 5/7
  2249 | D:3      | Reached skill level 4 in Short Blades
  2286 | D:3      | Noticed Terence
  2293 | D:3      | Killed Terence
  2452 | D:3      | Found an ornate altar of the Wu Jian Council.
  2633 | D:4      | Found Mesen's Antique Armour Shoppe.
  2650 | D:4      | Reached XP level 7. HP: 31/37 MP: 6/8
  2685 | D:4      | Found a staircase to the Ecumenical Temple.
  2694 | Temple   | Entered the Ecumenical Temple
  2705 | Temple   | Became a worshipper of Makhleb the Destroyer
  3181 | D:5      | Entered Level 5 of the Dungeon
  3203 | D:5      | Found a sand-covered staircase.
  3218 | Ossuary  | Entered an ossuary
  3257 | Ossuary  | Reached skill level 5 in Short Blades
  3324 | Ossuary  | Gained mutation: You have razor-sharp teeth. [Vine Stalker growth]
  3324 | Ossuary  | Reached XP level 8. HP: 23/42 MP: 9/9
  3505 | Ossuary  | Reached * piety under Makhleb
  3670 | D:5      | Reached skill level 3 in Armour
  3705 | D:5      | Found an opulent altar of Gozag.
  3714 | D:5      | Found Gozag's Platinum Reserve.
  3924 | D:5      | Reached skill level 5 in Fighting
  3924 | D:5      | Reached skill level 5 in Shields
  3927 | D:5      | Found a shimmering altar of Xom.
  3932 | D:5      | Noticed an angel
  3934 | D:5      | Found a glowing silver altar of Zin.
  4358 | D:6      | Reached skill level 6 in Short Blades
  4442 | D:6      | Reached ** piety under Makhleb
  4728 | D:6      | Reached XP level 9. HP: 46/47 MP: 10/10
  5148 | D:6      | Reached skill level 7 in Short Blades
  5148 | D:6      | Reached skill level 4 in Armour
  5194 | D:6      | Found a sacrificial altar of Ru.
  5352 | D:7      | Reached skill level 6 in Fighting
  5362 | D:7      | Reached skill level 6 in Shields
  5485 | D:7      | Found a sparkling altar of Nemelex Xobeh.
  5581 | D:7      | Found a deep blue altar of Sif Muna.
  5817 | D:7      | Noticed a two-headed ogre
  5833 | D:7      | Killed a two-headed ogre
  5833 | D:7      | Reached skill level 8 in Short Blades
  5833 | D:7      | Reached XP level 10. HP: 36/53 MP: 9/11
  5855 | D:7      | Reached skill level 5 in Armour
  5884 | D:7      | Reached *** piety under Makhleb
  6660 | D:8      | Reached skill level 3 in Maces & Flails
  6662 | D:8      | Reached skill level 7 in Fighting
  6695 | D:8      | Reached skill level 7 in Shields
  7120 | D:8      | HP: 9/55 [orc warrior/trident (7)]
  7391 | D:8      | Reached **** piety under Makhleb
  7570 | D:8      | Reached skill level 4 in Maces & Flails
  7765 | D:9      | Noticed a two-headed ogre
  7788 | D:9      | HP: 4/55 [two-headed ogre/dire flail (19)]
  7800 | D:9      | HP: 3/55 [two-headed ogre/dire flail (8)]
  7800 | D:9      | Mangled by a two-headed ogre

Vault maps used:
D:1:      elethiomel_arrival_shortcut
D:2:      lemuel_round_altar, chequers_temple_overflow_statue_of_worship
D:3:      lemuel_coloured_pillars_altar, first_ration, minmay_misc_feat_tiny,
          uniq_terence, uniq_sigmund, uniq_ijyb
D:4:      minmay_temple_entry_mist, serial_shops, nicolae_shop_statue_plus
D:5:      grunt_temple_overflow_order_and_chaos_1,
          nicolae_gozag_zags_fifth_avenue, gup_ossuary_entry_pyramid
D:6:      marbit_many_paths
D:7:      lemuel_doored_altar, serial_bayou, serial_bayou_pond_d,
          serial_bayou_shore_b, serial_bayou_crossing, serial_bayou_pond_b,
          serial_bayou_pond_d, serial_bayou_pond_d, nemelex_altar_shiori
D:9:      minmay_four_partial_circles, old_standard_altar, david_orc_4,
          uniq_prince_ribbit1
Temple:   hc_temple_tempest_star
Ossuary:  ossuary_minmay_tomb_2a

Skill      XL: |  1  2  3  4  5  6  7  8  9 10 |
---------------+-------------------------------+-----
Maces & Flails | 2 4 |  4.6
Fighting       | 3 4 5 6 7 |  7.4
Shields        | 3 4 5 6 7 |  7.3
Short Blades   | 1 3 4 5 6 8 |  8.7
Armour         | 3 4 5 |  5.8

Action                   |  1- 3 |  4- 6 |  7- 9 | 10-12 || total
-------------------------+-------+-------+-------+-------++-------
Melee: Flail             |    27 |       |       |       ||    27
       Bite              |    37 |    39 |   239 |   124 ||   439
       Dagger            |   113 |   111 |   587 |   121 ||   932
       Whip              |       |       |       |   228 ||   228
  Use: Scroll            |       |       |    12 |       ||    12
  Eat: Chunk             |     2 |     3 |    10 |     8 ||    23
Armor: Scale mail        |    62 |    29 |    15 |       ||   106
       Plate armour      |       |       |   106 |       ||   106
       Chain mail        |       |       |   116 |   119 ||   235
Dodge: Dodged            |    25 |    13 |    91 |    49 ||   178
Block: Shield            |    49 |    35 |   200 |   140 ||   424

Table legend:
 A = Spawn XP
 B = Non-spawn XP
 C = Spawn XP percentage of total XP
 D = Spawn monster count
 E = Non-spawn monster count
 F = Spawn count percentage of total count
 G = Total turns spent on level
                    A         B        C        D         E        F      G
               +---------+---------+-------+---------+---------+-------+---------
         Total |       0 |    9080 |   0.0 |       0 |     241 |   0.0 |  7800
               +---------+---------+-------+---------+---------+-------+---------
           D:1 |       0 |      29 |   0.0 |       0 |      17 |   0.0 |   615
           D:2 |       0 |      50 |   0.0 |       0 |      21 |   0.0 |  1119
           D:3 |       0 |     533 |   0.0 |       0 |      24 |   0.0 |   899
           D:4 |       0 |     355 |   0.0 |       0 |      18 |   0.0 |   526
           D:5 |       0 |     457 |   0.0 |       0 |      26 |   0.0 |   799
           D:6 |       0 |    1052 |   0.0 |       0 |      25 |   0.0 |   963
           D:7 |       0 |    2783 |   0.0 |       0 |      32 |   0.0 |  1199
           D:8 |       0 |    2493 |   0.0 |       0 |      53 |   0.0 |  1196
           D:9 |       0 |     969 |   0.0 |       0 |       9 |   0.0 |   122
       Ossuary |       0 |     359 |   0.0 |       0 |      16 |   0.0 |   340
               +---------+---------+-------+---------+---------+-------+---------

Vault maps used:
D:1:      elethiomel_arrival_shortcut
D:2:      lemuel_round_altar, chequers_temple_overflow_statue_of_worship
D:3:      lemuel_coloured_pillars_altar, first_ration, minmay_misc_feat_tiny,
          uniq_terence, uniq_sigmund, uniq_ijyb
D:4:      minmay_temple_entry_mist, serial_shops, nicolae_shop_statue_plus
D:5:      grunt_temple_overflow_order_and_chaos_1,
          nicolae_gozag_zags_fifth_avenue, gup_ossuary_entry_pyramid
D:6:      marbit_many_paths
D:7:      lemuel_doored_altar, serial_bayou, serial_bayou_pond_d,
          serial_bayou_shore_b, serial_bayou_crossing, serial_bayou_pond_b,
          serial_bayou_pond_d, serial_bayou_pond_d, nemelex_altar_shiori
D:9:      minmay_four_partial_circles, old_standard_altar, david_orc_4,
          uniq_prince_ribbit1
Temple:   hc_temple_tempest_star
Ossuary:  ossuary_minmay_tomb_2a

Table legend:
 A = Turns spent in this place as a percentage of turns spent in the entire game.
 B = Non-inter-level travel turns spent in this place as a percentage of non-inter-level travel turns spent in the entire game.
 C = Inter-level travel turns spent in this place as a percentage of turns spent in this place.
 D = Turns resting spent in this place as a percentage of non-inter-level travel turns spent in this place.
 E = Turns spent auto-exploring this place as a percentage of non-inter-level travel turns spent in this place.
 F = Non-inter-level travel turns spent in this place divided by the number of levels of this place that you've seen.
                   A       B       C       D       E      F
               +-------+-------+-------+-------+-------+----------------------
         Total | 100.0 | 100.0 |   3.3 |   7.6 |  64.2 | 685.6
       Dungeon |  95.4 |  95.3 |   3.3 |   7.3 |  66.0 | 798.9
        Temple |   0.3 |   0.2 |  45.5 |   0.0 |   8.3 |  12.0
       Ossuary |   4.4 |   4.5 |   0.0 |  14.7 |  29.4 | 340.0
               +-------+-------+-------+-------+-------+----------------------

Table legend:
 A = Kills in this place as a percentage of kills in entire the game.
 B = Kills by you in this place as a percentage of kills by you in the entire game.
 C = Kills by friends in this place as a percentage of kills by friends in the entire game.
 D = Other kills in this place as a percentage of other kills in the entire game.
 E = Experience gained in this place as a percentage of experience gained in the entire game.
 F = Experience gained in this place divided by the number of levels of this place that you have seen.
                   A       B       C       D       E      F
               +-------+-------+-------+-------+-------+----------------------
         Total | 100.0 | 100.0 |   N/A |   N/A | 100.0 | 825.5
       Dungeon |  93.4 |  93.4 |   N/A |   N/A |  96.0 | 969.0
       Ossuary |   6.6 |   6.6 |   N/A |   N/A |   4.0 | 359.0
               +-------+-------+-------+-------+-------+----------------------
